Map: Invader LE

Players

capac

  • Race: Terran Terran
  • League: Gold

paavopaavali - Winner!

  • Race: Protoss Protoss
  • League: Gold

VOD

Have the link to the VOD?

Description

Time

  • Played on: April 14, 2016, 12:54 p.m.
  • Length: 18:11
Show
View Real Time Build Order
Export as new Build Order

capac Terran 

Build Orders: Reaper Expand 

Get SALT Encoding   

  12  0:01  SCV  
  13  0:13  SCV  
  14  0:19  Supply Depot  
  14  0:27  SCV  
  15  0:40  SCV  
  16  0:43  Barracks  
  16  0:47  Refinery  
  16  0:52  SCV  
  17  1:04  SCV  
  18  1:16  SCV  
  19  1:30  Orbital Command  
  19  1:33  Reaper  
  20  1:42  Command Center  
  20  1:54  Supply Depot  
  20  1:57  SCV  
  21  2:06  Barracks  
  21  2:08  Barracks Reactor  
  21  2:11  SCV  
  22  2:23  SCV  
  22  2:29  Factory  
  23  2:34  Refinery  
  23  2:35  SCV  
  24  2:44  Marine  
  24  2:45  Marine  
  26  2:56  Orbital Command  
  26  3:04  Reaper  
  27  3:10  Barracks Tech Lab  
  27  3:17  Factory Tech Lab  
  27  3:22  SCV  
  27  3:23  SCV  
  29  3:31  Starport, Marine x2  
  31  3:44  Marine  
  32  3:49  SCV x2  
  32  3:52  Siege Tank  
  37  3:56  Supply Depot  
  37  3:58  Marine x2  
  37  4:00  Command Center  
  39  4:08  SCV  
  39  4:09  Starport Reactor  
  40  4:13  Engineering Bay  
  40  4:14  SCV  
  41  4:20  SCV  
  42  4:30  Marine x2  
  42  4:31  Marine  
  43  4:37  Siege Tank  
  47  4:42  SCV x2  
  47  4:43  Refinery  
  49  4:48  Marine x2  
  51  4:56  Supply Depot  
  51  5:02  SCV x2  
  51  5:04  Marine  
  54  5:12  Marine x2  
  56  5:14  Supply Depot  
  56  5:20  Refinery  
  56  5:22  Supply Depot, SCV  
  56  5:23  SCV  
  58  5:32  Missile Turret  
  58  5:33  Terran Infantry Weapons Level 1  
  58  5:34  Medivac x2  
  62  5:37  Siege Tank  
  62  5:39  Marine x2  
  67  5:44  SCV  
  68  5:50  Supply Depot  
  68  5:53  Marine  
  67  6:06  Medivac x2  
  67  6:07  Marine x2  
  67  6:11  Marine  
  74  6:15  Armory  
  74  6:16  SCV x2  
  76  6:20  Supply Depot  
  76  6:30  Orbital Command  
  76  6:34  Marine x3  
  76  6:35  Siege Tank  
  82  6:41  SCV x2  
  82  6:44  Liberator x2  
  84  6:51  Marine  
  84  6:52  Marine  
  84  6:53  SCV x2  
  88  6:56  Barracks x2  
  88  6:58  Barracks  
  94  7:03  SCV  
  95  7:10  Supply Depot  
  95  7:13  SCV x2  
  97  7:20  Missile Turret  
  97  7:28  SCV x2  
  97  7:29  SCV  
  100  7:32  Missile Turret  
  100  7:36  Terran Infantry Weapons Level 2  
  100  7:40  SCV  
  101  7:47  SCV x2  
  103  7:54  Supply Depot  
  103  7:57  Barracks Tech Lab, Barracks Reactor  
  103  7:58  Barracks Reactor  
  103  8:06  Engineering Bay  
  103  8:07  Starport  
  103  8:16  Marine x3  
  106  8:22  SCV x3  
  106  8:25  Missile Turret  
  106  8:27  Liberator x2  
  109  8:31  Supply Depot  
  110  8:34  SCV x3  
  110  8:38  Refinery  
  110  8:39  Refinery, Missile Turret  
  112  8:41  Terran Infantry Armor Level 1  
  112  8:42  Terran Ship Weapons Level 1  
  112  8:46  Starport Reactor, SCV x3  
  121  8:53  Marine x3  
  124  8:57  Stimpack, Combat Shields  
  124  8:59  Marine x4  
  124  9:01  Marauder  
  130  9:08  Supply Depot  
  122  9:16  Liberator  
  122  9:17  Liberator  
  125  9:39  Command Center  
  125  9:43  Marine  
  126  10:13  Supply Depot  
  126  10:14  Supply Depot  
  126  10:18  Liberator  
  126  10:24  Marine  
  126  10:25  Marine x2  
  126  10:35  Marauder x2, Marine x2, Command Center  
  135  10:44  Command Center  
  135  10:51  Medivac x2  
  135  10:53  Marine x3  
  135  10:55  Marine  
  142  10:58  Supply Depot  
  142  11:01  Missile Turret  
  142  11:20  Marauder, Marine x2  
  146  11:31  Marine  
  146  11:32  Marine x3  
  150  11:47  Marine x3, Medivac x2  
  150  11:52  Orbital Command  
  157  11:59  Supply Depot x2  
  157  12:03  Liberator x4  
  169  12:40  Marine x3  
  169  12:41  Marauder, Marine x3  
  169  12:42  Marauder  
  179  12:46  Supply Depot  
  179  12:49  Liberator x2  
  179  12:51  Liberator  
  179  12:55  Supply Depot  
  179  13:00  Supply Depot, Marine x2  
  179  13:01  Marine x4  
  179  13:03  Marauder x2  
  189  13:09  Refinery  
  189  13:10  Refinery  
  195  13:24  Marauder  
  143  13:34  Marine x3  
  143  13:35  Marine x2  
  112  13:51  Liberator x3  
  112  13:52  Liberator  
  77  14:04  Marine  
  77  14:05  Marine x6  
  77  14:06  Marine  
  96  14:22  Marine x2  
  96  14:23  Marine x4  
  96  14:24  Marauder x2  
  104  14:34  Liberator x3  
  104  14:45  Marauder x2  
  105  14:49  Marine x3  
  114  14:58  Medivac  
  116  15:28  Medivac  
  118  15:29  Liberator  
  118  15:43  Medivac x2  
  125  15:50  Liberator  
  128  16:15  Liberator  
  131  16:42  Missile Turret  
  131  17:07  Supply Depot, Orbital Command  
  131  17:26  Raven  
  103  17:46  Marine  
  103  17:47  Marine x5  
  103  17:48  Marauder x2  
Show
View Real Time Build Order
Export as new Build Order

paavopaavali Protoss - Winner!

Build Orders: 1 Gate Expand 

Get SALT Encoding   

  12  0:02  Probe (Chrono Boost)  
  13  0:14  Probe (Chrono Boost)  
  14  0:23  Pylon  
  14  0:25  Probe (Chrono Boost)  
  15  0:45  Gateway  
  15  0:47  Assimilator  
  15  0:52  Probe (Chrono Boost)  
  15  0:53  Assimilator  
  16  1:02  Probe (Chrono Boost)  
  17  1:13  Probe (Chrono Boost)  
  18  1:23  Probe (Chrono Boost)  
  19  1:34  Probe (Chrono Boost)  
  20  1:42  Nexus  
  20  1:44  Probe (Chrono Boost)  
  21  1:48  Zealot  
  23  2:00  Pylon  
  23  2:08  Cybernetics Core  
  23  2:18  Probe (Chrono Boost)  
  24  2:29  Probe (Chrono Boost)  
  25  2:46  Warp Gate  
  25  2:54  Probe (Chrono Boost)  
  26  2:58  Nexus  
  26  3:00  Probe (Chrono Boost)  
  26  3:05  Probe (Chrono Boost)  
  28  3:10  Mothership Core (Chrono Boost)  
  30  3:15  Probe (Chrono Boost)  
  30  3:18  Stalker  
  33  3:27  Gateway  
  33  3:29  Probe (Chrono Boost)  
  33  3:30  Probe (Chrono Boost)  
  35  3:39  Assimilator  
  35  3:40  Probe (Chrono Boost)  
  36  3:48  Pylon  
  36  3:51  Probe (Chrono Boost)  
  36  3:54  Probe (Chrono Boost)  
  38  3:59  Gateway  
  38  4:04  Gateway  
  38  4:07  Probe (Chrono Boost)  
  39  4:14  Probe (Chrono Boost)  
  40  4:17  Probe (Chrono Boost)  
  41  4:28  Probe (Chrono Boost)  
  43  4:31  Probe (Chrono Boost)  
  42  4:41  Gateway  
  42  4:42  Probe (Chrono Boost)  
  42  4:44  Gateway  
  43  4:50  Pylon  
  43  4:52  Probe (Chrono Boost)  
  44  4:55  Pylon  
  44  5:00  Pylon  
  44  5:03  Probe x2 (Chrono Boost)  
  46  5:08  Assimilator  
  46  5:12  Assimilator  
  46  5:13  Probe x2 (Chrono Boost)  
  48  5:17  Stalker  
  48  5:18  Stalker  
  48  5:20  Stalker  
  54  5:22  Stalker  
  54  5:24  Probe x2 (Chrono Boost)  
  58  5:31  Twilight Council  
  58  5:34  Probe x2 (Chrono Boost)  
  60  5:39  Forge  
  60  5:42  Forge  
  60  5:45  Probe x2 (Chrono Boost)  
  60  5:46  Pylon  
  62  5:55  Probe (Chrono Boost)  
  63  6:06  Probe (Chrono Boost)  
  64  6:11  Assimilator  
  64  6:12  Probe (Chrono Boost)  
  64  6:16  Probe (Chrono Boost)  
  66  6:23  Probe (Chrono Boost)  
  66  6:25  Stalker  
  69  6:26  Stalker, Nexus  
  69  6:27  Probe (Chrono Boost), Stalker  
  69  6:28  Stalker  
  69  6:29  Stalker  
  69  6:30  Stalker  
  80  6:33  Probe (Chrono Boost)  
  80  6:35  Blink  
  80  6:37  Probe (Chrono Boost)  
  82  6:43  Forge  
  82  6:44  Probe (Chrono Boost)  
  83  6:53  Assimilator  
  83  6:54  Probe (Chrono Boost)  
  83  6:55  Assimilator  
  83  6:58  Protoss Ground Weapons Level 1  
  83  6:59  Protoss Ground Armor Level 1  
  84  7:01  Pylon  
  84  7:05  Pylon  
  84  7:07  Protoss Air Weapons Level 1  
  84  7:08  Pylon  
  84  7:13  Pylon  
  84  7:16  Pylon  
  84  7:17  Pylon  
  84  7:20  Gateway  
  84  7:28  Pylon  
  84  7:32  Protoss Shields Level 1  
  84  7:47  Probe (Chrono Boost)  
  85  7:54  Pylon  
  85  7:57  Probe (Chrono Boost)  
  86  8:02  Stargate x2  
  86  8:05  Stargate  
  86  8:07  Dark Shrine  
  86  8:08  Probe (Chrono Boost)  
  86  8:10  Photon Cannon  
  87  8:17  Pylon  
  87  8:18  Probe (Chrono Boost)  
  88  8:28  Stalker  
  88  8:29  Probe (Chrono Boost), Stalker  
  88  8:31  Stalker  
  88  8:32  Stalker  
  88  8:33  Stalker  
  99  8:35  Stalker  
  99  8:37  Stalker  
  103  8:43  Charge  
  103  8:45  Void Ray  
  103  8:46  Void Ray  
  111  8:54  Photon Cannon  
  111  8:56  Photon Cannon  
  111  9:37  Stalker  
  113  9:38  Dark Templar  
  113  9:39  Dark Templar  
  113  9:40  Dark Templar  
  113  9:41  Dark Templar  
  113  9:42  Dark Templar  
  113  9:43  Dark Templar  
  125  9:54  Void Ray x2  
  125  9:55  Void Ray  
  137  10:01  Nexus, Fleet Beacon  
  137  10:08  Robotics Facility  
  125  10:31  Protoss Ground Armor Level 2  
  125  10:34  Protoss Air Armor Level 1 (Chrono Boost)  
  125  10:37  Void Ray, Protoss Shields Level 2  
  125  10:38  Protoss Ground Weapons Level 2  
  125  10:42  Probe (Chrono Boost)  
  129  10:53  Probe (Chrono Boost)  
  128  11:01  Stalker  
  128  11:02  Stalker  
  128  11:03  Probe (Chrono Boost)  
  133  11:08  Pylon  
  139  11:12  Probe  
  139  11:18  Probe  
  141  11:28  Probe  
  141  11:31  Pylon  
  142  11:36  Pylon  
  142  11:39  Probe  
  142  11:45  Observer  
  144  11:49  Probe x2  
  146  11:56  Pylon  
  146  11:58  Void Ray  
  146  11:59  Void Ray  
  146  12:00  Probe, Void Ray  
  158  12:04  Zealot  
  158  12:06  Observer, Zealot  
  158  12:07  Zealot  
  163  12:10  Probe  
  150  12:20  Protoss Air Weapons Level 2 (Chrono Boost)  
  150  12:21  Probe  
  149  12:31  Zealot  
  149  12:33  Zealot  
  149  12:34  Dark Templar  
  149  12:35  Dark Templar x2  
  157  12:37  Sentry  
  157  12:39  Sentry  
  161  12:52  Zealot  
  161  12:54  Zealot  
  165  13:03  Nexus  
  165  13:06  Probe  
  120  14:18  Protoss Air Armor Level 2 (Chrono Boost)  
  120  14:31  Void Ray x2  
  120  14:32  Void Ray  
  132  14:59  Probe  
  133  15:10  Probe, Zealot x2  
  133  15:12  Stalker x2  
  133  15:13  Stalker  
  144  15:14  Void Ray  
  144  15:15  Stalker  
  144  15:16  Stalker  
  144  15:20  Probe  
  152  15:24  Protoss Shields Level 3  
  152  15:26  Protoss Ground Weapons Level 3  
  152  15:27  Protoss Ground Armor Level 3  
  153  15:31  Probe  
  153  15:32  Zealot  
  153  15:33  Dark Templar  
  158  15:36  Dark Templar  
  158  15:37  Zealot  
  158  15:38  Zealot  
  158  15:42  Probe  
  165  16:02  Void Ray x2  
  173  16:08  Probe, Photon Cannon  
  174  16:18  Probe  
  174  16:19  Pylon  
  174  16:22  Cybernetics Core  
  175  16:43  Void Ray  
  175  16:44  Void Ray  
  175  16:45  Void Ray  
  187  16:56  Zealot  
  187  16:57  Stalker  
  187  16:58  Stalker  
  187  17:00  Sentry  
  195  17:01  Sentry  
  195  17:07  Photon Cannon  
  197  17:14  Nexus  
  197  17:25  Pylon  
Tags
 
Add a new tag
Caveats
  • Supply blocks, unpowered buildings, or Contaminate may cause inaccurate times.
  • Supply counts are checked every 10 seconds.